Map: Romanticide LE

Players

Spatz

  • Race: Protoss Protoss
  • League: Grandmaster
  • Spawn Location: 5:00

HellraiseR - Winner!

  • Race: Protoss Protoss
  • League: Master
  • Spawn Location: 11:00

Event: DreamHack SC2 Masters 2020 Winter

VOD

Have the link to the VOD?

Description

Time

  • Played on: Oct. 14, 2020, 1:35 p.m.
  • Length: 17:57

All games in this series

Show
View Real Time Build Order
Export as new Build Order

Spatz Protoss 

Build Orders: Oracle Opening 

Get SALT Encoding   

  12  0:00  Probe  
  13  0:12  Probe  
  14  0:17  Pylon  
  14  0:24  Probe (Chrono Boost)  
  16  0:36  Gateway  
  16  0:37  Probe (Chrono Boost)  
  16  0:42  Probe (Chrono Boost)  
  16  0:46  Assimilator  
  17  0:52  Probe (Chrono Boost)  
  17  0:54  Assimilator  
  18  1:04  Probe (Chrono Boost)  
  19  1:08  Gateway  
  19  1:13  Probe (Chrono Boost)  
  19  1:18  Probe  
  20  1:24  Cybernetics Core  
  21  1:30  Probe  
  22  1:34  Pylon  
  22  1:42  Probe  
  23  1:54  Probe  
  23  2:00  Adept  
  23  2:01  Warp Gate, Adept  
  28  2:06  Probe  
  29  2:12  Pylon  
  29  2:18  Probe  
  30  2:29  Pylon  
  30  2:34  Stargate  
  30  2:37  Adept  
  32  2:41  Adept  
  34  3:06  Nexus  
  34  3:13  Probe  
  34  3:17  Oracle (Chrono Boost)  
  38  3:25  Pylon  
  38  3:28  Probe  
  39  3:43  Probe  
  39  3:44  Oracle (Chrono Boost)  
  43  3:51  Robotics Facility  
  44  3:55  Probe  
  44  3:57  Pylon  
  44  4:07  Probe  
  45  4:19  Stalker, Probe, Sentry  
  45  4:22  Probe  
  51  4:34  Probe  
  51  4:35  Probe  
  51  4:36  Immortal (Chrono Boost)  
  53  4:42  Stalker  
  59  4:51  Probe  
  59  4:52  Stalker  
  62  4:54  Probe  
  63  5:03  Probe  
  64  5:07  Twilight Council  
  64  5:09  Probe  
  64  5:10  Forge  
  64  5:13  Assimilator  
  65  5:17  Probe  
  65  5:20  Pylon  
  66  5:24  Observer (Chrono Boost)  
  67  5:29  Probe  
  67  5:32  Pylon, Probe  
  67  5:34  Assimilator  
  69  5:42  Immortal (Chrono Boost)  
  69  5:43  Probe  
  69  5:47  Probe  
  69  5:49  Protoss Ground Weapons Level 1 (Chrono Boost)  
  75  5:55  Blink (Chrono Boost), Probe  
  76  6:04  Probe  
  71  6:09  Gateway  
  71  6:11  Gateway  
  69  6:12  Gateway  
  69  6:19  Immortal  
  73  6:26  Stalker  
  73  6:27  Stalker  
  77  6:36  Pylon  
  77  6:39  Gateway  
  77  6:55  Nexus  
  77  6:57  Warp Prism  
  79  7:05  Sentry  
  79  7:06  Stalker, Sentry  
  79  7:08  Stalker  
  87  7:12  Pylon  
  87  7:15  Stalker  
  89  7:21  Probe  
  90  7:31  Stalker x3  
  90  7:33  Stalker  
  98  7:38  Probe  
  98  7:40  Pylon, Probe  
  100  7:50  Protoss Ground Weapons Level 2 (Chrono Boost)  
  100  7:51  Probe  
  101  8:04  Stalker x3  
  107  8:16  Probe  
  107  8:18  Probe x2  
  106  8:28  Probe  
  106  8:29  Robotics Bay  
  106  8:30  Probe x2  
  109  8:40  Probe  
  104  8:42  Probe x2  
  104  8:45  Assimilator  
  104  8:46  Assimilator  
  104  8:47  Pylon  
  106  8:48  Observer  
  106  8:50  Robotics Facility  
  106  8:52  Probe  
  106  8:54  Probe  
  106  8:55  Probe  
  109  8:59  Photon Cannon  
  109  9:02  Dark Shrine  
  109  9:03  Photon Cannon  
  109  9:04  Probe  
  109  9:06  Probe  
  109  9:07  Photon Cannon, Probe  
  112  9:11  Shield Battery  
  112  9:14  Disruptor (Chrono Boost)  
  115  9:25  Stalker x6  
  115  9:30  Photon Cannon  
  127  9:35  Disruptor (Chrono Boost)  
  130  9:39  Disruptor (Chrono Boost)  
  130  9:44  Pylon  
  133  9:47  Pylon  
  133  9:51  Pylon  
  133  9:57  Nexus  
  133  10:06  Stalker x3  
  139  10:14  Disruptor (Chrono Boost)  
  139  10:15  Disruptor (Chrono Boost)  
  139  10:17  Probe  
  139  10:18  Probe  
  139  10:20  Photon Cannon  
  139  10:21  Probe  
  148  10:24  Shield Battery  
  148  10:29  Protoss Ground Weapons Level 3 (Chrono Boost), Probe  
  149  10:37  Stalker x3  
  149  10:39  Shadow Stride (Chrono Boost)  
  149  10:40  Probe x2  
  157  10:54  Pylon  
  157  10:56  Pylon  
  157  10:57  Pylon  
  157  11:06  Pylon  
  157  11:07  Pylon  
  157  11:08  Probe x2  
  159  11:15  Stalker x6  
  171  11:20  Disruptor  
  174  11:26  Photon Cannon  
  151  11:54  Stalker x5  
  151  11:56  Disruptor  
  151  11:59  Disruptor  
  151  12:00  Probe  
  167  12:03  Probe  
  167  12:05  Assimilator x2  
  167  12:07  Shield Battery  
  168  12:09  Stalker  
  168  12:11  Gateway, Probe  
  168  12:13  Gateway  
  168  12:14  Gateway  
  169  12:17  Stalker x5  
  169  12:18  Probe  
  169  12:20  Probe  
  181  12:27  Probe  
  182  12:33  Photon Cannon  
  182  12:34  Photon Cannon  
  182  12:37  Pylon  
  172  12:48  Stalker x6  
  172  12:49  Observer x2  
  152  12:52  Photon Cannon  
  152  12:54  Photon Cannon, Probe  
  147  13:13  Dark Templar x5  
  147  13:14  Nexus  
  147  13:15  Dark Templar  
  159  13:24  Disruptor x2  
  165  13:28  Stalker x2  
  163  13:47  Stalker x6  
  169  13:59  Disruptor  
  168  14:11  Nexus  
  154  14:30  Dark Templar x5  
  164  14:37  Observer x2  
  166  14:42  Probe  
  166  14:43  Pylon  
  166  14:45  Probe  
  168  14:54  Probe  
  168  14:58  Stalker x2  
  173  15:01  Probe  
  173  15:06  Probe  
  157  15:11  Observer x2  
  157  15:13  Probe  
  154  15:30  Stalker x4  
  160  15:41  Disruptor x2  
  166  15:54  Stalker x4  
  148  16:18  Stalker x6  
  148  16:23  Stalker  
  141  16:44  Stalker x5  
  147  16:57  Disruptor x2  
  151  17:14  Nexus  
  147  17:27  Stalker x5  
  106  17:43  Stalker x3  
  78  17:53  Stalker x2  
Show
View Real Time Build Order
Export as new Build Order

HellraiseR Protoss - Winner!

Build Orders: Phoenix Opening 

Get SALT Encoding   

  12  0:00  Probe  
  13  0:12  Probe  
  14  0:17  Pylon  
  14  0:24  Probe (Chrono Boost)  
  16  0:36  Gateway, Probe (Chrono Boost)  
  16  0:43  Probe (Chrono Boost)  
  16  0:45  Assimilator  
  17  0:50  Probe  
  17  0:54  Assimilator  
  18  1:03  Probe (Chrono Boost)  
  20  1:12  Gateway, Probe (Chrono Boost)  
  20  1:17  Probe (Chrono Boost)  
  20  1:24  Cybernetics Core  
  21  1:29  Probe  
  22  1:34  Pylon  
  22  1:41  Probe  
  23  1:53  Probe  
  24  2:00  Stalker  
  24  2:01  Warp Gate, Sentry  
  28  2:05  Probe  
  29  2:10  Pylon  
  29  2:27  Stalker  
  31  2:30  Stalker  
  31  2:34  Probe  
  34  2:38  Phoenix  
  34  2:49  Probe  
  34  2:59  Shield Battery  
  34  3:07  Nexus, Probe  
  35  3:13  Stalker  
  35  3:18  Shield Battery  
  37  3:20  Pylon  
  37  3:24  Probe  
  38  3:29  Shield Battery  
  38  3:35  Shield Battery  
  38  3:41  Probe  
  39  3:48  Twilight Council  
  39  3:49  Stalker  
  42  3:56  Stalker  
  42  3:59  Probe  
  44  4:11  Probe  
  44  4:14  Stalker  
  47  4:23  Probe  
  48  4:25  Probe  
  48  4:30  Shield Battery  
  48  4:35  Probe (Chrono Boost)  
  48  4:36  Stalker  
  48  4:38  Probe (Chrono Boost)  
  51  4:42  Blink  
  52  4:46  Probe (Chrono Boost)  
  52  4:47  Probe (Chrono Boost)  
  52  4:51  Probe (Chrono Boost)  
  52  4:52  Stalker  
  56  4:57  Probe (Chrono Boost)  
  57  5:01  Probe (Chrono Boost)  
  57  5:04  Pylon  
  56  5:07  Forge  
  56  5:11  Probe (Chrono Boost)  
  56  5:12  Probe (Chrono Boost)  
  58  5:19  Probe (Chrono Boost)  
  59  5:24  Stalker x2  
  59  5:25  Probe (Chrono Boost)  
  59  5:28  Probe (Chrono Boost)  
  65  5:30  Probe (Chrono Boost)  
  65  5:33  Pylon  
  66  5:35  Probe  
  66  5:39  Protoss Ground Weapons Level 1 (Chrono Boost), Probe  
  68  5:47  Probe  
  69  5:52  Pylon, Probe  
  69  5:54  Stalker x2  
  74  6:00  Probe  
  74  6:04  Probe  
  72  6:12  Probe  
  74  6:23  Nexus  
  74  6:24  Pylon, Probe  
  75  6:26  Stalker  
  75  6:27  Stalker  
  78  6:33  Gateway  
  78  6:34  Gateway  
  78  6:42  Photon Cannon  
  78  6:49  Gateway  
  78  6:50  Gateway  
  78  6:52  Probe  
  79  6:55  Sentry x2  
  79  6:56  Probe  
  79  6:59  Assimilator  
  84  7:03  Shield Battery  
  84  7:07  Shield Battery  
  84  7:08  Charge (Chrono Boost)  
  84  7:12  Probe  
  85  7:17  Probe  
  85  7:20  Stalker x2  
  90  7:24  Shield Battery  
  90  7:26  Protoss Ground Weapons Level 2 (Chrono Boost)  
  90  7:28  Stalker x2  
  94  7:35  Probe  
  97  7:46  Stalker x2, Sentry  
  97  7:49  Photon Cannon  
  101  7:53  Shield Battery  
  101  7:55  Stalker  
  103  8:00  Stalker  
  103  8:05  Shield Battery  
  105  8:06  Pylon  
  105  8:15  Probe x2  
  105  8:18  Stalker  
  109  8:24  Probe  
  109  8:25  Pylon x2  
  108  8:27  Probe x2  
  108  8:29  Robotics Facility  
  110  8:41  Stalker x2  
  117  8:46  Assimilator  
  114  8:52  Stalker x3  
  120  8:59  Photon Cannon  
  120  9:05  Gateway  
  120  9:07  Gateway  
  120  9:16  Nexus  
  121  9:17  Observer  
  121  9:18  Dark Shrine  
  121  9:24  Stalker  
  122  9:28  Probe x2  
  122  9:29  Zealot x4  
  122  9:31  Protoss Ground Weapons Level 3 (Chrono Boost)  
  132  9:35  Pylon  
  132  9:53  Pylon  
  132  9:59  Probe x2  
  134  10:01  Observer, Probe  
  134  10:02  Pylon  
  134  10:05  Zealot x3  
  138  10:11  Probe x2  
  138  10:14  Zealot x3  
  138  10:15  Zealot x2  
  148  10:24  Probe x2  
  148  10:27  Unknown  
  150  10:29  Shadow Stride (Chrono Boost), Probe x2  
  150  10:30  Observer  
  150  10:35  Shield Battery  
  153  10:36  Probe  
  153  10:41  Probe  
  155  10:43  Zealot  
  155  10:44  Zealot x5  
  155  10:47  Probe  
  155  10:49  Probe  
  169  10:50  Probe  
  169  10:53  Probe  
  171  11:04  Probe  
  171  11:09  Pylon  
  171  11:10  Pylon  
  172  11:17  Observer  
  171  11:20  Probe  
  171  11:22  Pylon  
  171  11:24  Photon Cannon  
  171  11:25  Pylon  
  172  11:27  Dark Templar x6  
  172  11:28  Dark Templar  
  172  11:29  Zealot  
  170  11:51  Probe  
  152  11:54  Protoss Ground Armor Level 1 (Chrono Boost), Observer  
  152  11:56  Probe  
  152  12:00  Zealot x8  
  165  12:04  Gateway  
  165  12:05  Probe  
  165  12:06  Gateway  
  166  12:09  Pylon  
  166  12:21  Zealot x8  
  166  12:22  Warp Prism (Chrono Boost)  
  155  12:47  Probe x2  
  155  12:51  Nexus  
  155  12:52  Nexus  
  155  12:54  Dark Templar x6  
  155  12:55  Observer (Chrono Boost)  
  167  13:08  Observer (Chrono Boost)  
  167  13:12  Probe  
  169  13:14  Probe  
  169  13:18  Photon Cannon  
  168  13:23  Probe  
  168  13:25  Stalker x4  
  176  13:27  Probe  
  176  13:29  Photon Cannon  
  176  13:30  Shield Battery  
  176  13:32  Pylon  
  166  13:46  Zealot x5  
  163  13:49  Stalker x2  
  163  13:52  Observer  
  163  13:53  Probe x2  
  169  14:00  Zealot x3  
  164  14:12  Observer  
  159  14:35  Nexus  
  159  14:36  Zealot x3, Shield Battery  
  159  14:37  Zealot x6  
  177  14:39  Observer  
  178  14:47  Protoss Ground Armor Level 2 (Chrono Boost)  
  178  14:58  Dark Templar x5  
  183  15:15  Nexus  
  177  15:25  Stalker x4  
  184  15:31  Observer  
  179  15:40  Probe  
  179  15:42  Photon Cannon  
  180  15:46  Stalker  
  180  15:47  Stalker  
  182  16:06  Observer (Chrono Boost)  
  182  16:11  Stalker x4  
  182  16:18  Zealot x2  
  172  16:38  Observer  
  159  16:48  Nexus  
  159  16:53  Pylon  
  159  17:08  Zealot x2  
  159  17:09  Zealot x8  
  153  17:31  Observer  
  153  17:32  Probe  
  153  17:35  Stalker x8  
Tags
 
Add a new tag
Caveats
  • Supply blocks, unpowered buildings, or Contaminate may cause inaccurate times.
  • Supply counts are checked every 10 seconds.